 Dungeon Crawl Stone Soup version 0.30.0-10-gfe55d96785 (webtiles) character file.

Game seed: 5147561775893221995

2450 hawla the Arsonist (level 10, -3/75 HPs)
             Began as a Meteoran Fire Elementalist on May 15, 2023.
             Was a Follower of Vehumet.
             Slain by a sky beast (6 damage)
             ... on level 7 of the Dungeon.
             The game lasted 00:20:17 (2480 turns).

hawla the Arsonist (Meteoran Fire Elementalist)     Turns: 2480, Time: 00:20:20

Health: -3/75      AC:  7    Str:  9    XL:     10   Next: 6%
Magic:  0/22       EV: 14    Int: 21    God:    Vehumet [*.....]
Gold:   332        SH:  5    Dex: 16    Spells: 15/23 levels left

rFire   . . .        j - staff of death
rCold   . . .        (no shield)
rNeg    + . .        a - +1 robe
rPois   .            (no helmet)
rElec   .            (no cloak)
rCorr   .            p - +2 pair of gloves {infuse}
SInv    .            l - +0 pair of boots
Will    +....        k - amulet of reflection
Stlth   +            (no ring)
HPRegen 0.32/turn    (no ring)
MPRegen 0.18/turn

%: reflection
@: lethally poisoned (-3 -> -5), glowing
A: sense surroundings 2, otherworldly, glowing, explore regen
a: Renounce Religion


You were on level 7 of the Dungeon.
You worshipped Vehumet.
Vehumet was aware of your devotion.
You visited 2 branches of the dungeon, and saw 7 of its levels.
You also visited: Bailey.

You collected 332 gold pieces.

Inventory:

Armour
 a - a +1 robe (worn)
 e - the +3 pair of seven-league boots {Rampage+∞}
   (You found it in a bailey)

   Rampage+∞: When moving toward enemies, its wearer moves as far as possible.
 l - a +0 pair of boots (worn)
 n - a +1 pair of gloves
 p - a +2 pair of gloves of infusion (worn)
Magical Staves
 j - a staff of death (weapon)
Jewellery
 h - a ring of willpower
 k - an amulet of reflection (around neck)
Wands
 c - a wand of paralysis (13) (quivered)
 i - a wand of polymorph (10)
Scrolls
 b - a scroll of fog
 f - a scroll of identify
 o - a scroll of enchant weapon
Potions
 d - a potion of curing


   Skills:
 * Level 2.8 Fighting
 * Level 3.3 Staves
 * Level 5.3 Dodging
 - Level 1.4 Stealth
 + Level 7.4 Spellcasting
 + Level 7.0 Conjurations
 + Level 3.0 Necromancy
 + Level 8.2 Fire Magic
 + Level 3.0 Evocations


You had 15 spell levels left.
You knew the following spells:

 Your Spells              Type           Power      Damage    Failure   Level
a - Foxfire               Conj/Fire      100%       2x1d9     1%          1
b - Scorch                Fire           84%        2d9       1%          2
c - Flame Wave            Conj/Fire      39%        2d11      3%          4
d - Apportation           Tloc           14%        N/A       9%          1

Your spell library contained the following spells:

 Spells                   Type           Power      Damage    Failure   Level
 Shock                    Conj/Air       88%        1d8       1%          1
 Necrotise                Necr           100%       1d9       2%          1
 Inner Flame              Hex/Fire       25%        N/A       4%          3
 Volatile Blastmotes      Fire/Tloc      50%        2d14      4%          3
 Summon Small Mammal      Summ           28%        N/A       9%          1


Dungeon Overview and Level Annotations

Branches:
Dungeon (7/15) Zot: 1578   Temple (1/1) D:5 Zot: 560  Bailey (visited)

Altars:
Ashenzari
Cheibriados
Elyvilon
Fedhas
Gozag
Hepliaklqana
Kikubaaqudgha
Okawaru
Qazlal
Ru
Sif Muna
Uskayaw
Vehumet
Wu Jian
Yredelemnul


Innate Abilities, Weirdness & Mutations

You passively map the area around you.
You are easily found by Zot.
You glow in the dark.
You regain HP and MP as you explore.


Message History

The sky beast hits you but does no damage.
Something hits you but does no damage. The sleepcap barely misses you.
You hit the sleepcap but do no damage.
The sleepcap writhes in agony.
The sleepcap is moderately damaged.
You feel sick.
The kobold brigand throws a poisoned dart.
The sky beast completely misses you. Something hits you but does no damage.
You block the sleepcap's attack.
Unknown command.
Okay, then.
Casting: Flame Wave (dangerous; 3% risk of failure)
Confirm with . or Enter, or press ? or * to list all spells.
You don't have enough magic to cast this spell.
Okay, then.
You hit something but do no damage.
Something writhes in agony.
You feel sick.
The sky beast flickers out of sight!
Something hits you but does no damage. You block something's attack.
The sleepcap completely misses you.
You closely miss something.
You feel sick. Something hits you but does no damage.
You hear some strange, mumbled words.
A puff of flame appears from out of thin air!
The puff of flame misses you. The sleepcap barely misses you.
The shadow imp gestures at you.
Something writhes in agony.
Casting: Flame Wave (dangerous; 3% risk of failure)
Confirm with . or Enter, or press ? or * to list all spells.
You conjure some foxfire!
You feel sick. Something closely misses you. Something hits you.
* * * LOW HITPOINT WARNING * * *
The sleepcap releases spores at you.
* * * LOW HITPOINT WARNING * * *
You are engulfed in a cloud of soporific spores!
You fall asleep.
You feel sick.
The foxfire hits something!
Vehumet accepts your kill.
Reactivating autopickup.
You feel a bit more experienced. Something hits you!
You wake up.
* * * LOW HITPOINT WARNING * * *
Something shocks you.
You die...

, * #.#........#.##.#.
.#.#.#.#.<...####.##.#.
,..#.#............##.#.
####.#.#.#.....#######.#.
*,
#......###.#.#...........
,*..####.....#.#.........##
*,
.##..##K.....#........... ,
.'..!.#)#####....######## *
, .#.$..#.@f5.'....'.......
* ###?.##{#####....########
* ###'##.5## #....# *
#...'.###'#S## #....#
,##.###'!!/##.###....#
#'#.#..?).#..##....#
...#?..(.#........# *
##.#$.).?#.###....#
#..##?$)##.# #....#


You could see a kobold brigand, a sleepcap and 2 shadow imps.

Vanquished Creatures
  A deep elf zephyrmancer (Bailey)
  The ghost of Pimp the Shooter, an amateur DEHu (D:5)
  A steam dragon (D:6)
  2 water moccasins (D:7)
  5 orc warriors (Bailey)
  An ice beast (D:7)
  A sky beast (D:4)
  2 phantoms
  A kobold brigand (D:7)
  A killer bee (D:7)
  A gnoll bouda (D:5)
  5 hounds
  2 jellies
  An orc priest (D:7)
  2 sleepcaps (D:7)
  Natasha (thrice) (D:2)
  2 orc wizards
  8 gnolls
  3 adders
  3 white imps (D:7)
  An ufetubus (D:6)
  A worm (D:5)
  A dart slug (D:4)
  15 orcs
  A bat (D:2)
  2 endoplasms (D:4)
  A giant cockroach (D:2)
  3 goblins
  A hobgoblin (D:4)
  8 kobolds
  A rat (D:2)
81 creatures vanquished.

Vanquished Creatures (others)
  221 foxfires
221 creatures vanquished.

Grand Total: 302 creatures vanquished

Notes
Turn   | Place    | Note
-------+----------+-------------------------------------------
     0 | D:1      | hawla the Meteoran Fire Elementalist began the quest for
                  | the Orb.
     0 | D:1      | Reached XP level 1. HP: 14/14 MP: 5/5
    14 | D:2      | Reached skill level 4 in Fire Magic
    14 | D:2      | Reached XP level 2. HP: 12/20 MP: 1/6
    16 | D:2      | Found a faded altar of an unknown god.
    28 | D:2      | Noticed Natasha
    35 | D:2      | Killed Natasha
    36 | D:2      | Reached XP level 3. HP: 7/26 MP: 1/8
    39 | D:2      | Learned a level 2 spell: Scorch
   129 | D:2      | Noticed Natasha
   139 | D:2      | Killed Natasha
   140 | D:2      | Reached XP level 4. HP: 12/33 MP: 5/10
   157 | D:2      | Noticed Natasha
   166 | D:2      | Killed Natasha
   167 | D:2      | Reached skill level 5 in Fire Magic
   167 | D:2      | Reached XP level 5. HP: 15/38 MP: 9/11
   176 | D:2      | You fall into a shaft and drop 2 floors!
   193 | D:4      | Learned a level 4 spell: Flame Wave
   355 | D:4      | Found an ornate altar of the Wu Jian Council.
   447 | D:4      | Noticed a sky beast
   452 | D:4      | Killed a sky beast
   453 | D:4      | Reached XP level 6. HP: 45/45 MP: 7/12
   895 | D:5      | Entered Level 5 of the Dungeon
   901 | D:5      | Found a runed translucent door.
   906 | D:5      | Reached skill level 5 in Conjurations
   926 | D:5      | Found an ancient bone altar of Kikubaaqudgha.
   935 | D:5      | Noticed Pimp's ghost (amateur DEHu)
   948 | D:5      | Killed Pimp's ghost
   949 | D:5      | Reached XP level 7. HP: 21/50 MP: 0/13
  1156 | D:5      | Found a staircase to the Ecumenical Temple.
  1172 | Temple   | Entered the Ecumenical Temple
  1200 | Temple   | Became a worshipper of Vehumet
  1288 | D:6      | Found an opulent altar of Gozag.
  1303 | D:6      | Found a hazy altar of Hepliaklqana.
  1311 | D:6      | Reached XP level 8. HP: 57/57 MP: 8/15
  1322 | D:6      | Noticed a steam dragon
  1330 | D:6      | Killed a steam dragon
  1403 | D:6      | Reached skill level 6 in Fire Magic
  1428 | D:7      | Reached skill level 5 in Spellcasting
  1512 | D:7      | Found an iron altar of Okawaru.
  1702 | D:7      | Reached skill level 1 in Staves
  1702 | D:7      | Gained mutation: You passively map the area around you.
                  | [Meteoran growth]
  1702 | D:7      | Reached XP level 9. HP: 25/63 MP: 5/18
  1710 | D:7      | Reached * piety under Vehumet
  1710 | D:7      | Offered knowledge of Shock by Vehumet.
  1711 | D:7      | Reached skill level 7 in Fire Magic
  1839 | D:7      | Found a flagged portal.
  1854 | D:7      | Learned a level 1 spell: Apportation
  1855 | Bailey   | Entered a bailey
  1896 | Bailey   | Reached skill level 1 in Fighting
  1905 | Bailey   | Noticed an orc knight
  1912 | Bailey   | Found a large runed translucent door.
  1912 | Bailey   | Found a large runed translucent door.
  1913 | Bailey   | Noticed a deep elf zephyrmancer
  1917 | Bailey   | Found the +3 pair of seven-league boots {Rampage+∞}
  2153 | Bailey   | Killed a deep elf zephyrmancer
  2154 | Bailey   | Reached skill level 5 in Dodging
  2154 | Bailey   | Reached skill level 8 in Fire Magic
  2409 | D:7      | Reached XP level 10. HP: 72/74 MP: 5/22
  2480 | D:7      | HP: 3/75 [something (8)]
  2480 | D:7      | Slain by a sky beast

Illustrated notes

Levels and vault maps discovered:
D:1:      minmay_arrival_five_plusses, layout_rooms, minmay_statues_item,
          st_stairs_2
D:2:      layout_rooms, basic_ecumenical_altar, dk_noncrumbling_4, st_stairs_9,
          uniq_natasha, uniq_robin
D:4:      layout_cave_pods, lemuel_doored_altar
D:5:      layout_basic, kennysheep_mini_moat, temple_fountains,
          hellmonk_ghost_happy_afterlife,
          hangedman_abyss_or_decor_jellyfish_corner
D:6:      layout_basic, mainiacjoe_overflow_tiny_flanked,
          mainiacjoe_overflow_24_doors, mainiacjoe_overflow_large_starburst,
          trog_three_pillars_becter
D:7:      layout_basic, mainiacjoe_overflow_six_doors_small, enter_bailey_7,
          minmay_joined_circles
Temple:   hellmonk_temple_rainy

Skill      XL: |  1  2  3  4  5  6  7  8  9 10 |
---------------+-------------------------------+-----
Fire Magic     | 4 5 6 8 |  8.2
Dodging        | 3 5 |  5.3
Spellcasting   | 3 4 5 7 |  7.4
Conjurations   | 4 5 6 7 |  7.0
Necromancy     | 2 3 |  3.0
Evocations     | 2 3 |  3.0
Staves         | 1 3 |  3.3
Fighting       | 2 |  2.8
Stealth        | |  1.4

Action                     |  1- 3 |  4- 6 |  7- 9 | 10-12 || total
---------------------------+-------+-------+-------+-------++-------
  Melee: Unarmed           |     6 |     4 |       |       ||    10
         Staff             |       |     2 |    43 |    36 ||    81
         Punch             |       |       |     1 |       ||     1
   Cast: Foxfire           |    18 |    27 |    68 |    10 ||   123
         Scorch            |       |    11 |    38 |       ||    49
         Flame Wave        |       |       |    12 |     1 ||    13
  Evoke: Wand              |       |       |     2 |       ||     2
    Use: Scroll            |       |     7 |     6 |     1 ||    14
         Potion            |       |       |     5 |     3 ||     8
   Stab: Confused          |       |     1 |       |       ||     1
 Armour: Robe              |     2 |       |    19 |    36 ||    57
         Skin              |       |     1 |       |       ||     1
  Dodge: Dodged            |     9 |    10 |    67 |    39 ||   125
  Block: Other             |       |       |    19 |    12 ||    31
         Reflection        |       |       |     2 |       ||     2
